 Dungeon Crawl Stone Soup version 0.28.0-43-g3370ac3207 (webtiles) character file.

Game seed: 6455540574676050117

38 smarlow the Sneak (level 3, 0/17 HPs)
             Began as a Spriggan Enchanter on Mar 2, 2022.
             Hit by a stone thrown by a kobold (2 damage)
             ... on level 3 of the Dungeon.
             The game lasted 00:01:54 (2046 turns).

smarlow the Sneak (Spriggan Enchanter)              Turns: 2046, Time: 00:01:55

Health: 0/17       AC:  2    Str:  4    XL:     3   Next: 25%
Magic:  8/8        EV: 18    Int: 16    God:
Gold:   42         SH:  0    Dex: 17    Spells: 8/8 levels left

rFire   . . .      SeeInvis +   a - +1 dagger
rCold   . . .      Faith    .   (no shield)
rNeg    + . .      Spirit   .   b - +0 robe
rPois   .          Reflect  .   (helmet restricted)
rElec   .          Harm     .   (no cloak)
rCorr   .          Rampage  .   (gloves unavailable)
Will    .....                   (boots unavailable)
Stlth   +++.......              (no amulet)
HPRegen 0.05/turn               g - ring of positive energy
MPRegen 0.11/turn               (no ring)

@: slowed, quick
A: very small, no large weapons, unfitting armour, see invisible, speed 3
a: no special abilities


You were on level 3 of the Dungeon.
You visited 1 branch of the dungeon, and saw 3 of its levels.

You collected 42 gold pieces.

Inventory:

Hand Weapons
 a - a +1 dagger (weapon)
Armour
 b - a +0 robe (worn)
Jewellery
 g - a ring of positive energy (left hand)
Scrolls
 f - a scroll of enchant armour {unknown}
 h - a scroll of identify {unknown}
 i - 2 scrolls of teleportation {unknown}
Potions
 c - a potion of invisibility
 d - a potion of lignification {unknown}
 e - a potion of mutation {unknown}
 j - 2 potions of curing {unknown}


   Skills:
 + Level 0.4 Fighting
 + Level 1.6 Short Blades
 + Level 3.1 Dodging
 * Level 5.3 Stealth
 + Level 3.0 Spellcasting
 + Level 3.9 Hexes


You had 8 spell levels left.
You didn't know any spells.
Your spell library contained the following spells:

 Spells                   Type           Power      Damage    Failure   Level
 Confusing Touch          Hex            14%        N/A       11%         3
 Tukima's Dance           Hex            14%        N/A       11%         3
 Ensorcelled Hibernation  Hex/Ice        16%        N/A       13%         2
 Dazzling Flash           Conj/Hex       16%        N/A       26%         3
 Inner Flame              Hex/Fire       8%         N/A       26%         3
 Cause Fear               Hex            7%         N/A       36%         4
 Discord                  Hex            7%         N/A       100%        8


Dungeon Overview and Level Annotations

Branches:
Dungeon (2/15)

Altars:

Annotations:
D:3 Jessica


Innate Abilities, Weirdness & Mutations

You are very small and have problems with some larger weapons.
You are too small for most types of armour.
You have supernaturally acute eyesight. (SInv)
You cover ground extremely quickly. (Speed+++)


Message History

Jessica is severely wounded.
The kobold hits you with a +0 club. Jessica hits you with a +0 club.
The gnoll closely misses you. The kobold closely misses you.
Jessica points at you and mumbles some strange words.
You struggle to resist.
You hit Jessica.
Jessica is almost dead.
The gnoll hits you with a +0 club!
* * * LOW HITPOINT WARNING * * *
The kobold barely misses you. Jessica barely misses you.
The kobold throws a stone.
The stone barely misses you. The kobold hits you with a +0 club.
* * * LOW HITPOINT WARNING * * *
Jessica gestures wildly while chanting.
Jessica seems to speed up.
You open the door. 4 kobolds come into view.
Jessica mumbles some strange words.
Jessica blinks!
The gnoll barely misses you.
A kobold brigand comes into view.
It is wielding a +0 dagger of venom and quivering curare-tipped darts.
The kobold barely misses you.
Jessica mumbles some strange words.
Jessica blinks!
Found 3 gold pieces.
Found 4 poisoned darts.
The kobold shouts! x2
A kobold comes into view.
The kobold shouts!
There is an open door here.
The kobold shouts!
Jessica mumbles some strange words.
Jessica blinks!
The kobold closely misses you. The kobold misses you.
You open the large door. 4 kobolds and an orc come into view.
The orc shouts!
The gnoll misses you. The gnoll barely misses you.
The kobold shouts! x2
The kobold barely misses you.
The kobold throws a stone.
The stone hits you.
You die...

#...(# ......
##....#########......
#......#.............
+......K.....KK......
#....KK#K............
##..KK#########......
#..g.# ..... #KKK.#
...# ##K@## ###
≈≈≈≈≈....≈≈≈≈≈≈
≈≈≈≈K....≈≈≈≈≈≈
≈≈≈≈≈KK..≈≈≈≈≈≈
≈.≈o≈.K....≈≈..
...............
...............
............###


You could see a gnoll, an orc and 13 kobolds.

Vanquished Creatures
  A dart slug (D:1)
  3 ball pythons (D:1)
  5 bats (D:1)
  4 endoplasms (D:1)
  2 giant cockroaches (D:1)
  3 goblins (D:1)
  4 jackals (D:1)
  3 quokkas (D:1)
  3 frilled lizards (D:1)
  A kobold (D:1)
  3 rats (D:1)
32 creatures vanquished.

Notes
Turn   | Place    | Note
-------+----------+-------------------------------------------
     0 | D:1      | smarlow the Spriggan Enchanter began the quest for the Orb.
     0 | D:1      | Reached XP level 1. HP: 9/9 MP: 5/5
   179 | D:1      | Reached XP level 2. HP: 11/13 MP: 6/6
   812 | D:1      | Reached skill level 5 in Stealth
  1460 | D:1      | Reached XP level 3. HP: 11/17 MP: 8/8
  2024 | D:2      | You fall into a shaft and drop 1 floor!
  2024 | D:3      | Noticed Jessica
  2039 | D:3      | Noticed a kobold brigand
  2046 | D:3      | Hit by a stone thrown by a kobold

Illustrated notes

Levels and vault maps discovered:
D:1:      amcnicky_arrival_blooded_trapdoor, layout_basic,
          nicolae_figureground_pulse
D:2:      kennysheep_big_flooded_room, layout_rooms,
          shapermc_ecumenical_altar_totnotflames
D:3:      minmay_goblin_kobold_castle, layout_basic, uniq_jessica

Skill      XL: |  1  2  3 |
---------------+----------+-----
Stealth        | 5 |  5.3
Spellcasting   | 3 |  3.0
Dodging        | 3 |  3.1
Fighting       | |  0.4
Short Blades   | |  1.6
Hexes          | |  3.9

Action                   || total
-------------------------++-------
Melee: Dagger            ||   144
       Punch             ||     1
 Stab: Sleeping          ||     9
Armor: Robe              ||    12
Dodge: Dodged            ||   137
